TOP OF THE 1ST |
Creighton Blue Jays batting - Pitching for Utah Utes : RHP Matt McGrath
|
Pitching: RHP Matt McGrath
|
|
Batting: LHB Marcos Torres
|
0-0: Ball 1-0: Called Strike 1-1: Ball 2-1: Swinging Strike 2-2: Ball 3-2: SINGLE (Groundball, 34D)
|
Batting: RHB Jaime Aguirre
|
0-0: Ball 1-0: Ball 2-0: Called Strike 2-1: Called Strike 2-2: Foul Ball, location: 2F 2-2: Ball 3-2: Strikes out swinging
|
Batting: LHB Brady Phillips
|
0-0: Ball 1-0: Ball 2-0: Foul Ball, location: 2F 2-1: Fly out, F8 (Line Drive, 8LM)
|
Batting: RHB Matt Cole
|
0-0: DOUBLE (Line Drive, 7) Marcos Torres to third
|
Batting: LHB Pedro Oropesa
|
0-0: Swinging Strike 0-1: Swinging Strike 0-2: Ball 1-2: Foul Ball, location: 2F 1-2: Strikes out looking
|
Top of the 1st over - 0 run(s), 2 hit(s), 0 error(s), 2 left on base; Creighton 0 - Utah 0 |
BOTTOM OF THE 1ST |
Utah Utes batting - Pitching for Creighton Blue Jays : LHP Jerry Saunders
|
Pitching: LHP Jerry Saunders
|
|
Batting: RHB Steve Welch
|
0-0: Foul Ball, location: 2F 0-1: Ball 1-1: Ball 2-1: Ball 3-1: Base on Balls
|
Batting: LHB Robby Bland
|
0-0: Ball 1-0: Called Strike 1-1: Swinging Strike 1-2: Ball 2-2: Strikes out looking
|
Batting: SHB John May
|
0-0: Ball Steve Welch steals 2nd base 1-0: Ball 2-0: Ball 3-0: Called Strike 3-1: Base on Balls
|
Batting: RHB Randy Banks
|
0-0: Ball 1-0: Ball 2-0: Ball 3-0: Base on Balls Steve Welch to third John May to second
|
Batting: RHB Anthony O'Bryan
|
0-0: Called Strike 0-1: Called Strike 0-2: Ball 1-2: Strikes out swinging
|
Batting: RHB José Ayala
|
0-0: Ball 1-0: Fly out, F5 (Line Drive, 56D)
|
Bottom of the 1st over - 0 run(s), 0 hit(s), 0 error(s), 3 left on base; Creighton 0 - Utah 0 |
TOP OF THE 2ND |
Creighton Blue Jays batting - Pitching for Utah Utes : RHP Matt McGrath
|
Batting: RHB Gabriel Santana
|
0-0: Called Strike 0-1: Ball 1-1: Ball 2-1: Ground out 5-3 (Groundball, 56S)
|
Batting: LHB Steve Edwards
|
0-0: Ball 1-0: Foul Ball, location: 2F 1-1: Foul Ball, location: 2F 1-2: Ball 2-2: Ball 3-2: Strikes out swinging
|
Batting: LHB Raúl Hernández
|
0-0: Ball 1-0: Swinging Strike 1-1: Reached on error, E4 (Groundball, 4)
|
Batting: RHB Michael Carr
|
0-0: Ball 1-0: Ball 2-0: Called Strike 2-1: Ball Raúl Hernández steals 2nd base 3-1: Foul Ball, location: 2F 3-2: Fly out, F8 (Flyball, 8RM)
|
Top of the 2nd over - 0 run(s), 0 hit(s), 1 error(s), 1 left on base; Creighton 0 - Utah 0 |
BOTTOM OF THE 2ND |
Utah Utes batting - Pitching for Creighton Blue Jays : LHP Jerry Saunders
|
Batting: RHB Kevin Hernández
|
0-0: Called Strike 0-1: Ball 1-1: Ground out 5-3 (Groundball, 56)
|
Batting: SHB Carlos Mesa
|
0-0: Bunt for hit - play at first, batter OUT! 1-3
|
Batting: SHB Josh Conner
|
0-0: Ball 1-0: Foul Ball, location: 2F 1-1: Swinging Strike 1-2: Ground out 4-3 (Groundball, 4)
|
Bottom of the 2nd over - 0 run(s), 0 hit(s), 0 error(s), 0 left on base; Creighton 0 - Utah 0 |
TOP OF THE 3RD |
Creighton Blue Jays batting - Pitching for Utah Utes : RHP Matt McGrath
|
Batting: LHB Marcos Torres
|
0-0: Called Strike 0-1: Ball 1-1: Ball 2-1: SINGLE (Line Drive, 7)
|
Batting: RHB Jaime Aguirre
|
0-0: Ball 1-0: Called Strike Marcos Torres steals 2nd base 1-1: Foul Ball, location: 2F 1-2: Ball 2-2: Foul Ball, location: 2F 2-2: Foul Ball, location: 2F 2-2: Ball 3-2: Ground out 4-3 (Groundball, 4) Marcos Torres to third
|
Batting: LHB Brady Phillips
|
0-0: DOUBLE (Flyball, 7LM) Marcos Torres scores
|
Batting: RHB Matt Cole
|
0-0: Ball Brady Phillips steals 3rd base 1-0: Called Strike 1-1: SINGLE (Line Drive, 7S) Brady Phillips scores
|
Batting: LHB Pedro Oropesa
|
0-0: Grounds into double play, 6-4-3 (Groundball, 6)
|
Top of the 3rd over - 2 run(s), 3 hit(s), 0 error(s), 0 left on base; Creighton 2 - Utah 0 |
BOTTOM OF THE 3RD |
Utah Utes batting - Pitching for Creighton Blue Jays : LHP Jerry Saunders
|
Batting: RHB Steve Welch
|
0-0: Foul Ball, location: 2F 0-1: Swinging Strike 0-2: Strikes out swinging
|
Batting: LHB Robby Bland
|
0-0: Called Strike 0-1: Swinging Strike 0-2: Strikes out swinging
|
Batting: SHB John May
|
0-0: Called Strike 0-1: Foul Ball, location: 2F 0-2: Ball 1-2: Ball 2-2: Foul Ball, location: 2F 2-2: Strikes out looking
|
Bottom of the 3rd over - 0 run(s), 0 hit(s), 0 error(s), 0 left on base; Creighton 2 - Utah 0 |
TOP OF THE 4TH |
Creighton Blue Jays batting - Pitching for Utah Utes : RHP Matt McGrath
|
Batting: RHB Gabriel Santana
|
0-0: Swinging Strike 0-1: Ball 1-1: Called Strike 1-2: Strikes out swinging
|
Batting: LHB Steve Edwards
|
0-0: Foul Ball, location: 2F 0-1: Fly out, F3 (Popup, 3L)
|
Batting: LHB Raúl Hernández
|
0-0: Ground out 6-3 (Groundball, 6S)
|
Top of the 4th over - 0 run(s), 0 hit(s), 0 error(s), 0 left on base; Creighton 2 - Utah 0 |
BOTTOM OF THE 4TH |
Utah Utes batting - Pitching for Creighton Blue Jays : LHP Jerry Saunders
|
Batting: RHB Randy Banks
|
0-0: Swinging Strike 0-1: Called Strike 0-2: Strikes out swinging
|
Batting: RHB Anthony O'Bryan
|
0-0: Called Strike 0-1: Fly out, F4 (Popup, 34D)
|
Batting: RHB José Ayala
|
0-0: Ball 1-0: Called Strike 1-1: Called Strike 1-2: Ball 2-2: Fly out, F3 (Line Drive, 34)
|
Bottom of the 4th over - 0 run(s), 0 hit(s), 0 error(s), 0 left on base; Creighton 2 - Utah 0 |
TOP OF THE 5TH |
Creighton Blue Jays batting - Pitching for Utah Utes : RHP Matt McGrath
|
Batting: RHB Michael Carr
|
0-0: Called Strike 0-1: DOUBLE (Line Drive, 9LM)
|
Batting: LHB Marcos Torres
|
0-0: Called Strike 0-1: Ground out 6-3 (Groundball, 6) Michael Carr to third
|
Batting: RHB Jaime Aguirre
|
0-0: Ball 1-0: Called Strike 1-1: Called Strike 1-2: Foul Ball, location: 2F 1-2: Ball 2-2: SINGLE (Groundball, 4MD) Michael Carr scores
|
Batting: LHB Brady Phillips
|
0-0: Ball Jaime Aguirre is caught stealing 2nd base 1-0: Ball 2-0: SOLO HOME RUN (Flyball, 8LXD), Distance : 453 ft
|
Batting: RHB Matt Cole
|
0-0: Ball 1-0: Called Strike 1-1: Ball 2-1: Ball 3-1: SINGLE (Line Drive, 7S)
|
Pitching: RHP Anderson Corrigan
|
|
Batting: LHB Pedro Oropesa
|
0-0: Ball 1-0: Foul Ball, location: 2F 1-1: Ball 2-1: Ball 3-1: Base on Balls Matt Cole to second
|
Batting: RHB Gabriel Santana
|
0-0: Called Strike 0-1: Foul Ball, location: 2F 0-2: Ball 1-2: Foul Ball, location: 2F 1-2: Ball 2-2: Foul Ball, location: 2F 2-2: Ball 3-2: Ground out 6-3 (Groundball, 6S)
|
Top of the 5th over - 2 run(s), 4 hit(s), 0 error(s), 2 left on base; Creighton 4 - Utah 0 |
BOTTOM OF THE 5TH |
Utah Utes batting - Pitching for Creighton Blue Jays : LHP Jerry Saunders
|
Batting: RHB Kevin Hernández
|
0-0: Ground out 6-3 (Groundball, 6)
|
Batting: SHB Carlos Mesa
|
0-0: Called Strike 0-1: Fly out, F5 (Line Drive, 56)
|
Batting: SHB Josh Conner
|
0-0: Ball 1-0: Called Strike 1-1: Called Strike 1-2: Ball 2-2: Ground out 5-3 (Groundball, 56)
|
Bottom of the 5th over - 0 run(s), 0 hit(s), 0 error(s), 0 left on base; Creighton 4 - Utah 0 |
TOP OF THE 6TH |
Creighton Blue Jays batting - Pitching for Utah Utes : RHP Anderson Corrigan
|
Batting: LHB Steve Edwards
|
0-0: Swinging Strike 0-1: Swinging Strike 0-2: Foul Ball, location: 2F 0-2: Ball 1-2: Strikes out looking
|
Batting: LHB Raúl Hernández
|
0-0: Foul Ball, location: 2F 0-1: Fly out, F8 (Flyball, 8LM)
|
Batting: RHB Michael Carr
|
0-0: Fly out, F7 (Flyball, 7LMF)
|
Top of the 6th over - 0 run(s), 0 hit(s), 0 error(s), 0 left on base; Creighton 4 - Utah 0 |
BOTTOM OF THE 6TH |
Utah Utes batting - Pitching for Creighton Blue Jays : LHP Jerry Saunders
|
Batting: RHB Steve Welch
|
0-0: Fly out, F5 (Popup, 5S)
|
Batting: LHB Robby Bland
|
0-0: Called Strike 0-1: SOLO HOME RUN (Flyball, 8RXD), Distance : 450 ft
|
Batting: SHB John May
|
0-0: Ball 1-0: Ball 2-0: Swinging Strike 2-1: Foul Ball, location: 2F 2-2: Ball 3-2: Base on Balls
|
Batting: RHB Randy Banks
|
0-0: Ball 1-0: Ball 2-0: Called Strike 2-1: Fly out, F9 (Flyball, 9LS)
|
Batting: RHB Anthony O'Bryan
|
0-0: Fielders Choice at 2nd, U6 (Groundball, 6M)
|
Bottom of the 6th over - 1 run(s), 1 hit(s), 0 error(s), 1 left on base; Creighton 4 - Utah 1 |
TOP OF THE 7TH |
Creighton Blue Jays batting - Pitching for Utah Utes : RHP Anderson Corrigan
|
Batting: LHB Marcos Torres
|
0-0: Foul Ball, location: 2F 0-1: Ball 1-1: Ball 2-1: Foul Ball, location: 2F 2-2: Ball 3-2: SINGLE (Groundball, 6S) (infield hit)
|
Batting: RHB Jaime Aguirre
|
0-0: Ball 1-0: Bunted foul 1-1: Ball 2-1: Sac Bunt - play at first, batter OUT! 1-4 Marcos Torres to second
|
Batting: LHB Brady Phillips
|
0-0: Ball 1-0: Ball 2-0: Ground out U3 (Groundball, 34S) Marcos Torres to third
|
Batting: RHB Matt Cole
|
0-0: Ball 1-0: Called Strike 1-1: Ball 2-1: Swinging Strike 2-2: Foul Ball, location: 2F 2-2: Fly out, F4 (Popup, 34D)
|
Top of the 7th over - 0 run(s), 1 hit(s), 0 error(s), 1 left on base; Creighton 4 - Utah 1 |
BOTTOM OF THE 7TH |
Utah Utes batting - Pitching for Creighton Blue Jays : LHP Jerry Saunders
|
Batting: RHB José Ayala
|
0-0: Foul Ball, location: 2F 0-1: Ball 1-1: Ball 2-1: Ball 3-1: Called Strike 3-2: Strikes out swinging
|
Pitching: LHP Ángel Quintana
|
|
Batting: RHB Kevin Hernández
|
0-0: SINGLE (Line Drive, 6M)
|
Batting: SHB Carlos Mesa
|
0-0: Called Strike 0-1: Grounds into double play, 6-4-3 (Groundball, 56)
|
Bottom of the 7th over - 0 run(s), 1 hit(s), 0 error(s), 0 left on base; Creighton 4 - Utah 1 |
TOP OF THE 8TH |
Creighton Blue Jays batting - Pitching for Utah Utes : RHP Anderson Corrigan
|
Batting: LHB Pedro Oropesa
|
0-0: SOLO HOME RUN (Flyball, 89XD), Distance : 423 ft
|
Batting: RHB Gabriel Santana
|
0-0: Called Strike 0-1: Ball 1-1: Called Strike 1-2: Ball 2-2: Fly out, F7 (Line Drive, 7)
|
Batting: LHB Steve Edwards
|
0-0: Foul Ball, location: 2F 0-1: Ball 1-1: Swinging Strike 1-2: Ball 2-2: Ball 3-2: Strikes out swinging
|
Pitching: LHP Craig Melton
|
|
Batting: LHB Raúl Hernández
|
0-0: Ball 1-0: Swinging Strike 1-1: Ball 2-1: Fly out, F9 (Flyball, 9LM)
|
Top of the 8th over - 1 run(s), 1 hit(s), 0 error(s), 0 left on base; Creighton 5 - Utah 1 |
BOTTOM OF THE 8TH |
Utah Utes batting - Pitching for Creighton Blue Jays : LHP Ángel Quintana
|
Batting: SHB Josh Conner
|
0-0: Ball 1-0: Called Strike 1-1: Ground out 4-3 (Groundball, 4)
|
Batting: RHB Steve Welch
|
0-0: SOLO HOME RUN (Line Drive, 7D), Distance : 403 ft
|
Batting: LHB Robby Bland
|
0-0: SINGLE (Line Drive, 56D)
|
Pitching: RHP David Chávez
|
|
Batting: SHB John May
|
0-0: Foul Ball, location: 2F 0-1: Foul Ball, location: 2F 0-2: Strikes out swinging
|
Batting: RHB Randy Banks
|
0-0: Ball 1-0: Ball 2-0: Foul Ball, location: 2F 2-1: Fielders Choice at 2nd, 4-6 (Groundball, 4)
|
Bottom of the 8th over - 1 run(s), 2 hit(s), 0 error(s), 0 left on base; Creighton 5 - Utah 2 |
TOP OF THE 9TH |
Creighton Blue Jays batting - Pitching for Utah Utes : LHP Craig Melton
|
Pitching: RHP Timothy Díaz
|
|
Batting: RHB Michael Carr
|
0-0: Ball 1-0: Ground out 4-3 (Groundball, 4)
|
Batting: LHB Marcos Torres
|
0-0: Called Strike 0-1: Ball 1-1: Foul Ball, location: 2F 1-2: Strikes out swinging
|
Batting: RHB Jaime Aguirre
|
0-0: Ball 1-0: Called Strike 1-1: Foul Ball, location: 2F 1-2: Ball 2-2: Ground out 1-3 (Groundball, 15S)
|
Top of the 9th over - 0 run(s), 0 hit(s), 0 error(s), 0 left on base; Creighton 5 - Utah 2 |
BOTTOM OF THE 9TH |
Utah Utes batting - Pitching for Creighton Blue Jays : RHP David Chávez
|
Pitching: RHP Tommy Estes
|
|
Now at 1B: Carlos Gómez
|
|
Batting: RHB Anthony O'Bryan
|
0-0: Ball 1-0: Ball 2-0: Ball 3-0: Base on Balls
|
Batting: RHB José Ayala
|
0-0: Ball 1-0: Ball 2-0: Single, Error in OF, E9, batter to second base Anthony O'Bryan to third
|
Pinch Hitting: RHB Rafael Cardenas
|
0-0: Ground out 6-3 (Groundball, 6) Anthony O'Bryan scores
|
Pinch Hitting: LHB Thad Green
|
0-0: Fly out, F8 (Line Drive, 8LS)
|
Batting: SHB Josh Conner
|
0-0: Called Strike 0-1: Ball 1-1: Swinging Strike 1-2: Strikes out swinging
|
Bottom of the 9th over - 1 run(s), 1 hit(s), 1 error(s), 1 left on base; Creighton 5 - Utah 3 |
|